 Dungeon Crawl Stone Soup version 0.31.0-10-gcf4a605ca0 (webtiles) character file.

Game seed: 11561858619730191362

55 DeltaZero the Ruffian (level 3, -6/28 HPs)
             Began as a Draconian Shapeshifter on Jan 25, 2024.
             Killed by divine providence
             ... invoked by an orc priest
              (17 damage)
             ... on level 3 of the Dungeon.
             The game lasted 00:08:11 (1725 turns).

DeltaZero the Ruffian (Draconian Shapeshifter)      Turns: 1725, Time: 00:08:11

Health: -6/28      AC:  5    Str: 24    XL:     3   Next: 67%
Magic:  12/12      EV: 12    Int: 10    God:
Gold:   67         SH:  0    Dex: 10    Spells: 2/2 levels left

rFire   . .          .
                       - Unarmed
rCold   . . .        (no shield)
rNeg    . . .        (body armour unavailable)
rPois   .            (helmet currently unavailable)
rElec   .            e - melded scarf {+Inv}
rCorr   .            (gloves currently unavailable)
SInv    .            (boots currently unavailable)
Will    .....        (no amulet)
Stlth   +            f - ring of magical power
HPRegen 0.24/turn    a - +6 ring of strength
MPRegen 0.13/turn

%: no passive effects
@: beast-form
A: beast (slay +1), AC +5, unfitting armour, cold-blooded
a: Begin Untransformation


You were on level 3 of the Dungeon.
You were a hulking beast.
You visited 1 branch of the dungeon, and saw 3 of its levels.

You collected 67 gold pieces.

Inventory:

Armour
 e - a scarf of invisibility (melded)
Jewellery
 a - a +6 ring of strength (right hand)
 f - a ring of magical power (left hand)
Talismans
 b - a beast talisman (active)
 c - a flux talisman
Scrolls
 d - 2 scrolls of vulnerability {unknown}
 g - 2 scrolls of identify {unknown}
 h - 2 scrolls of teleportation {unknown}
 k - a scroll of brand weapon {unknown}
 l - a scroll of fog {unknown}
Potions
 j - 2 potions of curing {unknown}


   Skills:
 + Level 1.3 Fighting
 + Level 2.3 Dodging
 + Level 0.1 Stealth
 + Level 3.7 Unarmed Combat
 + Level 3.4 Shapeshifting


You had 2 spell levels left.
You didn't know any spells.
Your spell library contained the following spells:

 Spells                   Type           Power      Damage    Failure   Level
 Kiss of Death            Conj/Necr      0%         2d5       36%         1
 Confusing Touch          Hex            0%         N/A       75%         3
 Dispel Undead            Necr           0%         3d6       98%         4


Dungeon Overview and Level Annotations

Branches:
Dungeon (3/15)

Altars:

Shops:
D:1 [


Innate Abilities, Weirdness & Mutations

You are a hulking beast.
Your limbs bulge with bestial killing power. (Slay +1)
Your plain brown scales are hard. (AC +5)
You cannot fit into any form of body armour.
You are cold-blooded and may be slowed by cold attacks.


Message History

The orc priest looks encouraged for a moment.
The orc wizard hits you with a +0 dagger.
You miss the orc wizard.
The orc wizard hits you but does no damage.
You hit the orc wizard.
The orc wizard is lightly wounded.
You hit the orc.
You kill the orc!
The orc wizard barely misses you.
You barely miss the orc priest.
The orc priest hits you with a +0 flail.
The orc wizard hits you but does no damage.
You hit the orc wizard.
The orc wizard is lightly wounded.
The orc priest closely misses you.
The orc wizard hits you but does no damage.
You barely miss the orc wizard.
The orc wizard is lightly wounded.
The orc priest completely misses you.
The orc wizard hits you but does no damage.
You closely miss the orc priest. The orc priest closely misses you.
The orc wizard barely misses you.
You hit the orc priest.
The orc priest is lightly wounded.
The orc priest hits you with a +0 flail.
The orc wizard completely misses you.
You barely miss the orc priest.
The orc priest is lightly wounded.
The orc priest closely misses you.
The orc priest calls down the wrath of Beogh upon you.
Beogh smites you!
You closely miss the orc priest.
The orc priest is lightly wounded.
The orc wizard mumbles some strange words.
The orc wizard flickers and vanishes!
Deactivating autopickup; reactivate with Ctrl-A.
The orc priest mumbles some strange prayers to Beogh against you.
Beogh smites you!
Ouch! That really hurt!
You die...

...########....#
.#............#####
###.#######..##$_$##
# ### #.##.8$8.#
#.##.$.$$#
♣♣♣##.##$8.8.#
.♣......##.oo#
♣..♣...####o#
♣♣......##{h#
♣♣........##
♣♣##.#.......#
#.#.#.###.# #.#.#.#
#...... ###.#### #.#
#..


You could see 2 orc priests and an orc.

Vanquished Creatures
  2 adders (D:2)
  A ribbon worm (D:2)
  A dart slug (D:2)
  An orc (D:3)
  An endoplasm (D:1)
  2 giant cockroaches
  2 goblins
  4 hobgoblins
  4 jackals (D:1)
  2 quokkas (D:1)
  A ball python (D:1)
  2 bats
  A frilled lizard (D:1)
  3 kobolds (D:1)
  2 rats
29 creatures vanquished.

Notes
Turn   | Place    | Note
-------+----------+-------------------------------------------
     0 | D:1      | DeltaZero the Draconian Shapeshifter began the quest for
                  | the Orb.
     0 | D:1      | Reached XP level 1. HP: 16/16 MP: 1/1
    92 | D:1      | Reached XP level 2. HP: 20/23 MP: 2/2
   159 | D:1      | You fall into a shaft and drop 1 floor!
   318 | D:1      | Found Upheugg's Armour Boutique.
   367 | D:1      | Found a faded altar of an unknown god.
   857 | D:2      | Reached XP level 3. HP: 22/28 MP: 3/3
  1725 | D:3      | Killed from afar by an orc priest

Illustrated notes

Levels and vault maps discovered:
D:1:      dpeg_arrival_ternary, layout_basic, serial_shops,
          nicolae_shop_real_fake_doors, dreamdust_ecumenical_altar_statues
D:2:      layout_loops_corners
D:3:      layout_loops_corners, nemelex_diamond_rough_becter,
          kennysheep_orc_chapel, uniq_crazy_yiuf_cottage, uniq_sigmund

Skill      XL: |  1  2 |
---------------+-------+-----
Dodging        | 2 |  2.3
Fighting       | |  1.3
Stealth        | |  0.1
Unarmed Combat | |  3.7
Shapeshifting  | |  3.4

Action                     || total
---------------------------++-------
  Melee: Unarmed           ||    76
         Tailslap          ||     7
Ability: Begin Untransform ||     1
    Use: Potion            ||     1
 Armour: Skin              ||    48
  Dodge: Dodged            ||    53
   Form: Beast             ||     3
                           ||     1
